 Dungeon Crawl Stone Soup version 0.27-a0-650-g8dd3ea4f36 (webtiles) character file.

Game seed: 3603822961170258056

60 jestyr24 the Skirmisher (level 4, -7/40 HPs)
             Began as a Hill Orc Fighter on Mar 16, 2021.
             Mangled by Sigmund
             ... wielding a +0 scythe
              (9 damage)
             ... on level 2 of the Dungeon.
             The game lasted 00:07:49 (1887 turns).

jestyr24 the Skirmisher (Hill Orc Fighter)          Turns: 1887, Time: 00:07:50

Health: -7/40      AC:  9    Str: 19    XL:     4   Next: 4%
Magic:  4/4        EV:  5    Int:  8    God:
Gold:   89         SH:  0    Dex: 10    Spells: 3/3 levels left

rFire    . . .     SeeInvis .   a - +0 war axe
rCold    . . .     Faith    .   c - +0 kite shield
rNeg     . . .     Spirit   .   o - +0 chain mail
rPois    .         Reflect  .   (no helmet)
rElec    .         Harm     .   (no cloak)
rCorr    .         Rampage  .   (no gloves)
Will     .....                  (no boots)
Stlth    ..........             (no amulet)
HPRegen  0.13/turn              (no ring)
MPRegen  0.09/turn              (no ring)

@: confused
A: no striking features
a: no special abilities


You were on level 2 of the Dungeon.
You visited 1 branch of the dungeon, and saw 2 of its levels.

You collected 89 gold pieces.

Inventory:

Hand Weapons
 a - a +0 war axe (weapon)
Missiles
 e - 16 poisoned darts (quivered)
 m - 6 javelins
Armour
 b - a +0 scale mail
 c - a +0 kite shield (worn)
 o - a +0 chain mail (worn)
Wands
 r - a wand of charming (6)
Scrolls
 f - a scroll of enchant armour {unknown}
 g - 2 scrolls of teleportation {unknown}
 i - 3 scrolls of identify {unknown}
 l - a scroll of magic mapping {unknown}
 n - a scroll of immolation {unknown}
 q - 2 scrolls of enchant weapon {unknown}
Potions
 d - a potion of might
 h - a potion of attraction {unknown}
 j - a potion of invisibility {unknown}
 k - a potion of ambrosia {unknown}
 p - a potion of flight {unknown}


   Skills:
 + Level 4.1 Fighting
 + Level 2.9 Axes
 + Level 4.1 Armour
 - Level 0.3 Dodging
 + Level 4.0 Shields


You had 3 spell levels left.
You didn't know any spells.
Your spell library was empty.

Dungeon Overview and Level Annotations

Branches:
Dungeon (2/15)

Altars:
Gozag

Annotations:
D:2 Sigmund


Message History

r - a wand of charming (6)
There is an opulent altar of Gozag here.
A rat comes into view.
You are not religious.
Unknown command.
A kobold comes into view.
The kobold shouts!
The rat barely misses you.
Your shield prevents you from hitting the rat.
You block the rat's attack. x2
You slash the rat!
You kill the rat!
Sigmund the Dreaded comes into view.
He is wielding a +0 scythe.
You closely miss the kobold.
Sigmund shouts!
The kobold hits you.
Sigmund whispers, "You'll know eternity soon."
Sigmund gestures at himself while chanting.
Sigmund flickers and vanishes!
Deactivating autopickup; reactivate with Ctrl-A.
The kobold hits you but does no damage.
You hit the kobold.
You kill the kobold!
You block something's attack. Something hits you!
You barely miss something. Something hits you. x2
You barely miss something. Something hits you!
You closely miss something. Something hits you!
* * * LOW HITPOINT WARNING * * *
Something hits you but does no damage.
You closely miss something.
You hear some strange, mumbled words.
You are confused.
Something hits you but does no damage.
You completely miss something. Something hits you.
* * * LOW HITPOINT WARNING * * *
You bump into the rock wall.
Something hits you.
* * * LOW HITPOINT WARNING * * *
You closely miss something. Something hits you!
You die...

#......# #.##.#
###.#### ##.##.#
##.....####...#.#
#.8...8.#...#...#
###.......###...#.#
#....._.....##.##.#
#.#.......#.##.##.#
#.#.8...8.#.##.##.# #
##.....##.##@##..
####.####.##{##..
#.........##.##..
#..#.#.#######.# #.
####..# #.......#
#.###.#.# #.......#
####...##...........#
......#.######......##
####.###............#


There were no monsters in sight!

Vanquished Creatures
  A gnoll (D:1)
  2 adders (D:2)
  2 leopard geckos (D:1)
  2 giant cockroaches
  3 goblins (D:1)
  7 hobgoblins
  4 bats
  2 frilled lizards (D:1)
  5 kobolds
  2 rats
30 creatures vanquished.

Notes
Turn   | Place    | Note
-------+----------+-------------------------------------------
     0 | D:1      | jestyr24 the Hill Orc Fighter began the quest for the Orb.
     0 | D:1      | Reached XP level 1. HP: 19/19 MP: 1/1
   342 | D:1      | Reached XP level 2. HP: 25/27 MP: 2/2
   624 | D:1      | Reached XP level 3. HP: 28/33 MP: 3/3
  1591 | D:2      | Reached XP level 4. HP: 26/40 MP: 4/4
  1809 | D:2      | Found an opulent altar of Gozag.
  1869 | D:2      | Noticed Sigmund
  1886 | D:2      | HP: 2/40 [something (6)]
  1887 | D:2      | Mangled by Sigmund

Illustrated notes

Levels and vault maps discovered:
D:1:      wheals_arrival_linesprint, layout_rooms, kennysheep_nondescript,
          kennysheep_doodads, chequers_serial_rivers_small_3
D:2:      layout_loops_ring, amcnicky_mini_pool_small, grunt_gozag_statues,
          uniq_sigmund

Skill      XL: |  1  2  3 |
---------------+----------+-----
Fighting       | 4 |  4.1
Shields        | 4 |  4.0
Armour         | 4 |  4.1
Axes           | |  2.9
Dodging        | |  0.3

Action                   |  1- 3 |  4- 6 || total
-------------------------+-------+-------++-------
Melee: War axe           |   121 |    11 ||   132
Throw: Dart              |       |     2 ||     2
Armor: Scale mail        |    52 |       ||    52
       Chain mail        |       |     3 ||     3
Dodge: Dodged            |    54 |     1 ||    55
Block: Kite shield       |    69 |     3 ||    72

Table legend: (Time is in decaauts)
 A = Elapsed time spent in this place.
 B = Non-inter-level travel time spent in this place.
 C = Inter-level travel time spent in this place.
 D = Time resting spent in this place.
 E = Time spent auto-exploring this place.
 F = Levels seen in this place.
 G = Mean time per level.
                   A        B        C        D        E       F      G
               +--------+--------+--------+--------+--------+-----+--------+
         Total |   1969 |   1941 |     28 |    347 |   1053 |   2 |  984.5 |
       Dungeon |   1969 |   1941 |     28 |    347 |   1053 |   2 |  984.5 |
               +--------+--------+--------+--------+--------+-----+--------+

Top non-repeatable levels by time:
     D:1: 1526 daAuts
     D:2: 442 daAuts
